 Dungeon Crawl Stone Soup version 0.28-a0-261-gc0b50483a2 (webtiles) character file.

Game seed: 16607177321054339753

45895 MacCMillion the Black Sun (level 14, -1/100 HPs)
             Began as a Demonspawn Gladiator on Aug 27, 2021.
             Was a High Priest of Kikubaaqudgha.
             Slain by a two-headed ogre (12 damage)
             ... on level 2 of the Orcish Mines.
             The game lasted 01:52:22 (19239 turns).

MacCMillion the Black Sun (Demonspawn Gladiator)   Turns: 19239, Time: 01:52:23

Health: -1/100     AC: 18    Str: 19    XL:     14   Next: 2%
Magic:  23/23      EV: 13    Int: 16    God:    Kikubaaqudgha [*****.]
Gold:   562        SH: 14    Dex: 18    Spells: 8/25 levels left

rFire   + . .      SeeInvis .   a - +4 scimitar (freeze)
rCold   x . .      Faith    .   B - +2 kite shield
rNeg    . . .      Spirit   .   o - +0 troll leather armour {Purgy}
rPois   +          Reflect  .   (helmet unavailable)
rElec   .          Harm     .   Z - +1 cloak of the End {rF++ rC- Str+3 Dex+3}
rCorr   .          Rampage  .   (no gloves)
Will    +....                   A - +0 pair of boots
Stlth   +.........              X - amulet of regeneration
HPRegen 2.26/turn               x - ring "Roates" {rPois rF- AC+4 Int+3 Slay+3}
MPRegen 0.18/turn               P - +4 ring of protection

@: mighty, about to teleport
A: horns 3, foul stench 2, powered by pain 3, augmentation 1, sharp scales 2
a: Renounce Religion, Receive Corpses, Torment


You were on level 2 of the Orcish Mines.
You worshipped Kikubaaqudgha.
Kikubaaqudgha was extremely pleased with you.
You visited 4 branches of the dungeon, and saw 20 of its levels.
You also visited: Sewer and Gauntlet.

You collected 1931 gold pieces.
You spent 1369 gold pieces at shops.

Inventory:

Hand Weapons
 a - a +4 scimitar of freezing (weapon)
 H - a +3 falchion
Missiles
 j - 8 javelins
Armour
 n - a +1 cloak of willpower
 o - a +0 troll leather armour (worn) {Purgy}
 A - a +0 pair of boots (worn)
 B - a +2 kite shield (worn)
 N - a +2 robe of cold resistance
 Z - the +1 cloak of the End (worn) {rF++ rC- Str+3 Dex+3}
   (You found it in a Gauntlet)

   Str:       It affects your strength (+3).
   Dex:       It affects your dexterity (+3).
   rF:        It greatly protects you from fire.
   rC:        It makes you vulnerable to cold.
Magical Staves
 y - a staff of earth
Jewellery
 c - a ring of poison resistance
 d - a ring of fire
 e - a ring of protection from cold
 s - a +6 ring of strength
 w - a ring of willpower
 x - the ring "Roates" (left hand) {rPois rF- AC+4 Int+3 Slay+3}
   (You bought it in a shop on level 1 of the Dungeon)

   [ring of protection]

   AC:        It affects your AC (+4).
   Int:       It affects your intelligence (+3).
   Slay:      It affects your accuracy & damage with ranged weapons and melee
   (+3).
   rF:        It makes you vulnerable to fire.
   rPois:     It protects you from poison.
 G - a ring of resist corrosion
 M - a ring of protection from fire
 P - a +4 ring of protection (right hand)
 X - an amulet of regeneration (around neck)
Wands
 t - a wand of digging (3)
 C - a wand of flame (72)
 E - a wand of iceblast (31) (quivered)
 L - a wand of paralysis (7)
 O - a wand of polymorph (14)
 Q - a wand of mindburst (14)
Scrolls
 b - 6 scrolls of enchant armour {unknown}
 g - 5 scrolls of fear
 h - 3 scrolls of immolation
 k - a scroll of teleportation
 l - 3 scrolls of magic mapping
 v - 2 scrolls of acquirement {unknown}
 z - a scroll of torment
 F - 2 scrolls of enchant weapon {unknown}
 I - 2 scrolls of silence {unknown}
 J - a scroll of identify
 K - 2 scrolls of amnesia {unknown}
 R - a scroll of blinking
Potions
 f - a potion of magic
 i - 2 potions of mutation
 m - a potion of invisibility
 p - 4 potions of lignification
 q - 3 potions of flight
 u - 8 potions of curing
 D - a potion of brilliance
 S - 2 potions of resistance
 U - a potion of cancellation {unknown}
 V - a potion of berserk rage
 Y - a potion of heal wounds
Miscellaneous
 r - a phantom mirror
 T - a lightning rod (4/4)


   Skills:
 + Level 6.1 Fighting
 * Level 10.4 Long Blades
 - Level 1.8 Throwing
 - Level 5.0 Armour
 - Level 5.0 Dodging
 + Level 10.5 Shields
 - Level 6.0 Spellcasting
 + Level 13.4 Necromancy
 * Level 8.0 Earth Magic


You had 8 spell levels left.
You knew the following spells:

 Your Spells              Type           Power      Damage    Failure   Level
a - Vampiric Draining     Necr           23%        2d9       1%          3
b - Excruciating Wounds   Necr           23%        N/A       3%          5
c - Animate Dead          Necr           23%        N/A       1%          4
d - Borgnjor's Vile Clut  Necr/Erth      19%        N/A       10%         5

Your spell library contained the following spells:

 Spells                   Type           Power      Damage    Failure   Level
 Pain                     Necr           100%       1d9       1%          1
 Sandblast                Erth           60%        2d14      1%          1
 Sublimation of Blood     Necr           23%        N/A       1%          2
 Dispel Undead            Necr           47%        3d18      1%          4
 Corpse Rot               Necr/Air       N/A        N/A       2%          2
 Agony                    Necr           47%        N/A       3%          5
 Passwall                 Tmut/Erth      14%        N/A       9%          2
 Death Channel            Necr           23%        N/A       17%         6
 Beastly Appendage        Tmut           8%         N/A       28%         1
 Lee's Rapid Deconstruct  Erth           15%        3d11*     28%         5
 Blink                    Tloc           N/A        N/A       38%         2
 Slow                     Hex            4%         N/A       38%         2
 Wereblood                Tmut           4%         N/A       38%         2
 Confusing Touch          Hex            4%         N/A       63%         3
 Lesser Beckoning         Tloc           2%         N/A       63%         3
 Spider Form              Tmut/Pois      2%         N/A       63%         3
 Manifold Assault         Tloc           4%         N/A       100%        5
 Summon Hydra             Summ           2%         N/A       100%        7


Dungeon Overview and Level Annotations

Branches:
Dungeon (12/15)            Temple (1/1) D:4            Lair (5/6) D:10
 Shoals (0/4) Lair:2       Spider (0/4) Lair:3          Orc (2/2) D:10
    Elf (0/3) Orc:2         Sewer (visited)         Gauntlet (visited)
  Slime: Lair:5-6

Altars:
Ashenzari
Cheibriados
Dithmenos
Elyvilon
Fedhas
Gozag
Hepliaklqana
Kikubaaqudgha
Makhleb
Nemelex Xobeh
Okawaru
Qazlal
Ru
Sif Muna
Trog
Uskayaw
Vehumet
Wu Jian
Xom
Yredelemnul
Zin
The Shining One
Beogh

Shops:
D:1 =:   D:11 :   Orc:2 *

Annotations:
D:2 1 runed translucent door, Crazy Yiuf
D:3 2 transporters
Orc:2 Saint Roka


Innate Abilities, Weirdness & Mutations

You have a pair of large horns on your head.
You sometimes emit foul miasma when damaged in melee.
You are powered by pain.
Your magical and physical power is slightly enhanced at high health.
You are mostly covered in razor-sharp scales. (AC +2, Slay +2)


Message History

Saint Roka roars a battlecry!
The orcs go into a battle-frenzy!
The two-headed ogre closely misses you.
The two-headed ogre hits you with a +0 dire flail!
You hear some strange, mumbled words.
Saint Roka roars a battlecry!
The two-headed ogre hits you with a +0 giant club!
You block the two-headed ogre's attack. You block the two-headed ogre's attack.
The two-headed ogre misses you.
An ogre comes into view. It is wielding a +0 giant club.
The two-headed ogre closely misses you. You block the two-headed ogre's attack.
The two-headed ogre looks more healthy.
You block the two-headed ogre's attack. x2
Saint Roka calls down the wrath of Beogh upon you.
Beogh smites you!
The two-headed ogre hits you with a +0 giant club!!
* * * LOW HITPOINT WARNING * * *
The two-headed ogre hits you with a +0 giant club!
* * * LOW HITPOINT WARNING * * *
You focus on the pain.
You feel mightier all of a sudden. The two-headed ogre barely misses you.
The two-headed ogre hits you but does no damage.
Okay, then.
Okay, then.
Okay, then.
As you read the scroll of teleportation, it crumbles to dust.
You feel strangely unstable.
You block the two-headed ogre's attack. x2
The two-headed ogre hits you but does no damage.
The two-headed ogre barely misses you.
The orc warrior no longer looks unusually strong.
Saint Roka roars a battlecry!
The orc warrior goes into a battle-frenzy!
The two-headed ogre hits you with a +0 giant spiked club!
* * * LOW HITPOINT WARNING * * *
You block the two-headed ogre's attack.
Your magical contamination has completely faded away.
You block the two-headed ogre's attack.
The two-headed ogre hits you with a +0 dire flail!
You die...
Kikubaaqudgha rasps: "You have failed me!
Welcome... death!"

#........................###
##.........................##
#.......##.........###.....##
##.....###<.........#.#.......
#.......###........#.........#
###.....###.........#.#.....##
#........#[...<.....#......#
###.......)[...............#
#..........@###..........##
##........OO# ##........##
##........## ##.......##
##........###.........#
##.....o....#..........##
##.................#.....##*
###.................##......#.
##......o####...)...###.<......
#.........####......####.....#.


You could see Saint Roka, 2 two-headed ogres and an orc warrior (strong).

Vanquished Creatures
  Jorgrun (D:10)
  A minotaur (Gauntlet)
  2 boulder beetles
  4 two-headed ogres
  9 death yaks
  An orc high priest (Orc:1)
  A lindwurm (Lair:4)
  An ugly thing (D:8)
  3 cyclopes
  8 elephants
  2 cane toads
  2 black mambas (Lair:2)
  3 kobold demonologists
  9 komodo dragons
  An unseen horror (D:12)
  2 rime drakes
  4 yaktaurs (D:11)
  A tengu conjurer (Gauntlet)
  A jumping spider (shapeshifter) (D:12)
  5 trolls
  3 polar bears
  A jumping spider (Lair:3)
  A tyrant leech (Gauntlet)
  A hornet (D:8)
  3 blink frogs (Lair:2)
  7 dream sheep (Lair:3)
  A meliai zombie (D:11)
  4 flying skulls (Gauntlet)
  A shadow (D:11)
  21 yaks
  Sigmund (D:6)
  7 wyverns
  2 vampires
  2 wraiths (D:11)
  4 steam dragons
  3 basilisks
  3 vampire mosquitoes (D:12)
  2 swamp worms (Gauntlet)
  2 acid dragons
  3 wargs
  7 water moccasins
  13 orc warriors
  Purgy (Sewer)
  2 ice beasts
  2 black bears
  A sky beast (D:8)
  16 wolves
  6 ogres
  9 centaurs
  A phantom (D:4)
  3 kobold brigands
  7 bullfrogs
  A scorpion (D:5)
  A gnoll sergeant (D:7)
  2 wyvern zombies
  A water moccasin skeleton (D:5)
  8 killer bees
  26 wights
  2 howler monkeys (D:9)
  4 centaur zombies
  A bullfrog zombie (D:5)
  11 orc priests
  A hound (D:6)
  A jelly (D:4)
  Jessica (D:2)
  An iguana (D:5)
  6 orc wizards
  Natasha (D:2)
  A killer bee zombie (D:8)
  5 gnolls (D:7)
  A howler monkey zombie (D:9)
  5 adders
  A shadow imp (D:6)
  3 white imps
  2 ufetubi
  2 worms
  4 dart slugs
  40 orcs
  5 ball pythons
  4 endoplasms
  3 giant cockroaches
  4 hobgoblins
  7 jackals (D:5)
  15 kobolds
  6 quokkas
  4 bats
  6 frilled lizards
  5 goblins
  3 rats
395 creatures vanquished.

Vanquished Creatures (collateral kills)
  2 death yaks
  A tengu warrior (Gauntlet)
  A swamp worm (Gauntlet)
  An orc warrior (Orc:1)
  A wolf (Lair:2)
  3 orcs
  3 kobolds (D:11)
12 creatures vanquished.

Vanquished Creatures (others)
  An orc wizard (Orc:1)
  A bush (Lair:2)
  28 fungi
  38 plants
68 creatures vanquished.

Grand Total: 475 creatures vanquished

Notes
Turn   | Place    | Note
-------+----------+-------------------------------------------
     0 | D:1      | MacCMillion the Demonspawn Gladiator began the quest for
                  | the Orb.
     0 | D:1      | Reached XP level 1. HP: 16/16 MP: 1/1
   484 | D:1      | Found a faded altar of an unknown god.
   488 | D:1      | Gained mutation: You have a pair of small horns on your
                  | head. [demonic ancestry]
   488 | D:1      | Reached XP level 2. HP: 21/22 MP: 2/2
   574 | D:1      | Found Hurhothu's Book Boutique.
   641 | D:1      | Found Ocounnom's Jewellery Emporium.
  1125 | D:2      | Noticed Jessica
  1133 | D:2      | Killed Jessica
  1134 | D:2      | Gained mutation: You are partially covered in razor-sharp
                  | scales. (AC +1, Slay +1) [demonic ancestry]
  1134 | D:2      | Reached XP level 3. HP: 26/28 MP: 3/3
  1301 | D:2      | Found a runed translucent door.
  1302 | D:2      | Noticed Crazy Yiuf
  1619 | D:2      | Noticed Natasha
  1725 | D:2      | Killed Natasha
  1726 | D:2      | Gained mutation: You have a pair of horns on your head.
                  | [demonic ancestry]
  1726 | D:2      | Reached XP level 4. HP: 13/35 MP: 4/4
  2228 | D:3      | Gained mutation: You have a pair of large horns on your
                  | head. [demonic ancestry]
  2228 | D:3      | Reached XP level 5. HP: 40/41 MP: 5/5
  2243 | D:3      | Found a transporter.
  2305 | D:3      | Found a glowing drain.
  2335 | Sewer    | Entered a sewer
  2699 | Sewer    | Noticed Purgy
  2723 | Sewer    | Killed Purgy
  3004 | D:3      | Found a transporter.
  3047 | D:3      | Gained mutation: You sometimes gain a little power by
                  | taking damage. [demonic ancestry]
  3047 | D:3      | Reached XP level 6. HP: 48/48 MP: 6/6
  3487 | D:4      | Found a staircase to the Ecumenical Temple.
  3568 | Temple   | Entered the Ecumenical Temple
  3684 | Temple   | Became a worshipper of Kikubaaqudgha
  4097 | D:5      | Entered Level 5 of the Dungeon
  4118 | D:5      | Gained mutation: You may rarely emit foul miasma when
                  | damaged in melee. [demonic ancestry]
  4118 | D:5      | Reached XP level 7. HP: 38/55 MP: 7/7
  4203 | D:5      | Reached skill level 5 in Long Blades
  4206 | D:5      | Identified the +1 robe "Vawuzo" {rN+}
  4369 | D:5      | Reached skill level 5 in Fighting
  4369 | D:5      | Reached skill level 5 in Dodging
  4887 | D:5      | Reached skill level 1 in Shields
  4934 | D:6      | Noticed Sigmund
  4960 | D:6      | Killed Sigmund
  4961 | D:6      | Reached skill level 1 in Necromancy
  4961 | D:6      | Gained mutation: Your magical and physical power is
                  | slightly enhanced at high health. [demonic ancestry]
  4961 | D:6      | Reached XP level 8. HP: 60/62 MP: 8/8
  4965 | D:6      | Reached skill level 2 in Necromancy
  4970 | D:6      | Reached * piety under Kikubaaqudgha
  4970 | D:6      | Received a gift from Kikubaaqudgha
  4996 | D:6      | Learned a level 3 spell: Vampiric Draining
  5133 | D:6      | Reached skill level 1 in Spellcasting
  5161 | D:6      | Reached skill level 3 in Necromancy
  5645 | D:7      | Gained mutation: You sometimes gain power by taking damage.
                  | [demonic ancestry]
  5645 | D:7      | Reached XP level 9. HP: 58/68 MP: 12/12
  6176 | D:7      | Reached ** piety under Kikubaaqudgha
  6177 | D:7      | Reached skill level 4 in Necromancy
  6234 | D:7      | Reached skill level 5 in Shields
  6691 | D:8      | Reached skill level 5 in Necromancy
  6769 | D:8      | Reached skill level 6 in Necromancy
  7594 | D:9      | Found an ornate altar of the Wu Jian Council.
  7757 | D:9      | Reached skill level 1 in Earth Magic
  7757 | D:9      | Gained mutation: You sometimes emit foul miasma when
                  | damaged in melee. [demonic ancestry]
  7757 | D:9      | Reached XP level 10. HP: 54/74 MP: 15/15
  7774 | D:9      | Reached skill level 7 in Necromancy
  7954 | D:9      | Noticed a brown ugly thing
  7958 | D:9      | Reached *** piety under Kikubaaqudgha
  7958 | D:9      | Received a gift from Kikubaaqudgha
  7996 | D:8      | Killed a brown ugly thing
  8172 | D:9      | Reached skill level 8 in Necromancy
  8346 | D:9      | Learned a level 5 spell: Excruciating Wounds
  8351 | D:9      | Learned a level 4 spell: Animate Dead
  8620 | D:9      | Noticed a sun demon
  8761 | D:10     | Entered Level 10 of the Dungeon
  8932 | D:10     | Found a staircase to the Orcish Mines.
  8997 | D:10     | Noticed a death yak
  8997 | D:10     | Noticed a death yak
  9041 | D:10     | Killed a death yak
  9042 | D:10     | Reached skill level 1 in Armour
  9093 | D:10     | Noticed a death yak
  9125 | D:10     | Killed a death yak
  9153 | D:10     | Noticed a death yak
  9174 | D:10     | Noticed a death yak
  9205 | D:9      | Killed a death yak
  9206 | D:9      | Reached skill level 9 in Necromancy
  9206 | D:9      | Reached XP level 11. HP: 78/79 MP: 17/17
  9212 | D:9      | Learned a level 5 spell: Borgnjor's Vile Clutch
  9318 | D:9      | Killed a death yak
  9369 | D:9      | Killed a death yak
  9445 | D:10     | Found a staircase to the Lair.
  9999 | D:10     | Reached skill level 10 in Necromancy
 10307 | D:11     | Found Biedeviu's Book Shoppe.
 10902 | Lair:1   | Entered Level 1 of the Lair of Beasts
 10977 | Lair:1   | Reached **** piety under Kikubaaqudgha
 11895 | Lair:2   | Reached skill level 11 in Necromancy
 12035 | Lair:2   | Found a staircase to the Shoals.
 12311 | Lair:2   | Gained mutation: You are mostly covered in razor-sharp
                  | scales. (AC +2, Slay +2) [demonic ancestry]
 12311 | Lair:2   | Reached XP level 12. HP: 77/86 MP: 18/18
 12668 | Lair:3   | Found a hole to the Spider Nest.
 12913 | Lair:3   | Reached skill level 5 in Spellcasting
 12962 | Lair:3   | Reached skill level 5 in Armour
 12992 | Lair:3   | You fall into a shaft and drop 2 floors!
 13048 | Lair:5   | Noticed a death yak
 13049 | Lair:5   | Noticed a death yak
 13049 | Lair:5   | Noticed a death yak
 13253 | Lair:4   | Noticed a death yak
 13253 | Lair:4   | Noticed a death yak
 13255 | Lair:4   | Noticed a death yak
 13506 | Lair:3   | Reached skill level 12 in Necromancy
 14188 | Lair:4   | Killed a death yak
 14194 | Lair:4   | Killed a death yak
 14451 | Lair:4   | Noticed a boulder beetle
 14475 | Lair:4   | Killed a boulder beetle
 14476 | Lair:4   | Reached skill level 5 in Earth Magic
 14987 | Lair:5   | Killed a death yak
 14988 | Lair:5   | Gained mutation: You are powered by pain. [demonic
                  | ancestry]
 14988 | Lair:5   | Reached XP level 13. HP: 79/91 MP: 17/22
 15621 | Orc:1    | Entered Level 1 of the Orcish Mines
 15714 | Orc:1    | Reached ***** piety under Kikubaaqudgha
 15731 | D:10     | Reached skill level 10 in Shields
 15883 | Orc:1    | Noticed Jorgrun
 15937 | D:10     | Killed Jorgrun
 15938 | D:10     | Reached skill level 13 in Necromancy
 16189 | D:1      | Bought the ring "Roates" {rPois rF- AC+4 Int+3 Slay+3} for
                  | 709 gold pieces
 16189 | D:1      | Bought an amulet of regeneration for 360 gold pieces
 16542 | D:11     | Identified the +5 scale mail of the Komodo Dragon {rF+ rN+
                  | Stlth+}
 17212 | D:12     | Reached skill level 10 in Long Blades
 18001 | D:1      | Bought a ring of willpower for 300 gold pieces
 18408 | Orc:2    | Entered Level 2 of the Orcish Mines
 18426 | Orc:2    | Found Zeylay's Gadget Gallery.
 18488 | Orc:2    | Found a gate leading to a gauntlet.
 18497 | Gauntlet | Entered a Gauntlet
 18497 | Gauntlet | Found a transporter.
 18497 | Gauntlet | Found a transporter.
 18504 | Gauntlet | Found a runed translucent door.
 18515 | Gauntlet | Found a transporter.
 18519 | Gauntlet | Found a transporter.
 18523 | Gauntlet | Found a runed translucent door.
 18525 | Gauntlet | Found a runed translucent door.
 18527 | Gauntlet | Found a transporter.
 18531 | Gauntlet | Found a transporter.
 18539 | Gauntlet | Found a transporter.
 18555 | Gauntlet | Found a transporter.
 18570 | Gauntlet | Found a transporter.
 18573 | Gauntlet | Found a transporter.
 18581 | Gauntlet | Found a transporter.
 18585 | Gauntlet | Found a transporter.
 18867 | Gauntlet | Identified the +1 cloak of the End {rF++ rC- Str+3 Dex+3}
 18884 | Gauntlet | Noticed a minotaur
 18891 | Gauntlet | Killed a minotaur
 19074 | Orc:2    | Found a staircase to the Elven Halls.
 19181 | Orc:2    | Noticed Saint Roka
 19211 | Orc:2    | Reached XP level 14. HP: 82/100 MP: 23/23
 19239 | Orc:2    | Slain by a two-headed ogre

Illustrated notes

Levels and vault maps discovered:
D:1:      erik_arrival_orb_chamber, layout_loops_ring,
          dreamdust_ecumenical_altar_statues, serial_shops,
          nicolae_shop_window_shopping, shop_fountains, st_stairs_11
D:2:      cheibrodos_old_hovel, layout_loops_ring, uniq_crazy_yiuf_cottage,
          uniq_natasha, uniq_jessica
D:3:      gammafunk_steamed_eel, layout_rooms, portal_sewer_entry_f
D:4:      layout_loops_cross, minmay_temple_entry_glassed_door
D:5:      layout_basic, minmay_misc_feat_encased, minivault_19,
          serial_park_tiny_1
D:6:      layout_cave_pools, grunt_ministairs_2, uniq_sigmund
D:7:      layout_basic, grunt_ministairs_7, hangedman_abyss_or_decor_stabs,
          palyth_stone_intersect, hangedman_decor_slide_cut, minmay_diced_spiral
D:8:      layout_basic, minmay_misc_feat_alley
D:9:      cheibrodos_barr_body, layout_basic, nzn_wu_jian_contemplation
D:10:     layout_loops_corners, dpeg_lair_monsters, david_orc_3
D:11:     layout_irregular_city, serial_shops, nicolae_take_the_stairs
D:12:     layout_irregular_city, minmay_fractal_squares_5
Temple:   regret_index_temple_sigil_plot
Lair:1:   layout_chaotic_city, cheibrodos_lair_caveside_slide,
          serial_bayou_shore_a
Lair:2:   layout_gridlike, minmay_shoals_entry_centaurs
Lair:3:   layout_loops_ring, spider_nest_entry_a, lemuel_fruit_tree
Lair:4:   layout_cave_pods, grunt_megastairs_3
Lair:5:   layout_cave_pods, grunt_megastairs_2, uniq_josephine
Orc:1:    layout_diamond_mine, mines2_david, uniq_jorgrun
Orc:2:    st_orc_ogre_mass, layout_diamond_mine, gauntlet_entry_generic,
          nicolae_shop_gadgets, uniq_saint_roka

Skill      XL: |  1  2  3  4  5  6  7  8  9 10 11 12 13 |
---------------+----------------------------------------+-----
Long Blades    | 3 4 6 7 8 9 10 | 10.4
Dodging        | 3 4 5 |  5.0
Fighting       | 3 4 5 6 |  6.1
Shields        | 2 4 6 8 9 10 | 10.5
Necromancy     | 1 3 6 9 11 12 13 | 13.4
Spellcasting   | 2 3 4 6 |  6.0
Earth Magic    | 1 3 5 8 |  8.0
Armour         | 2 4 5 |  5.0
Throwing       | |  1.8

Action                   |  1- 3 |  4- 6 |  7- 9 | 10-12 | 13-15 || total
-------------------------+-------+-------+-------+-------+-------++-------
Melee: Long sword        |    58 |   162 |    96 |       |       ||   316
       Headbutt          |     6 |    21 |    46 |   110 |    76 ||   259
       Scimitar          |       |       |   167 |   542 |   309 ||  1018
Throw: Throwing net      |       |       |     1 |       |       ||     1
 Cast: Animate Dead      |       |       |       |     9 |    14 ||    23
       Excruciating Woun |       |       |       |    10 |     5 ||    15
Invok: Receive Corpses   |       |       |       |     1 |     6 ||     7
Evoke: Wand              |       |       |     1 |       |       ||     1
  Use: Scroll            |     2 |     3 |       |    15 |     6 ||    26
       Potion            |     1 |     3 |       |     3 |     4 ||    11
 Stab: Sleeping          |       |       |       |     1 |     1 ||     2
       Distracted        |       |       |       |       |     1 ||     1
Armor: Leather armour    |    10 |    38 |       |       |       ||    48
       Troll leather arm |       |    21 |   114 |   183 |   137 ||   455
Dodge: Dodged            |    34 |   147 |   147 |   289 |   185 ||   802
Block: Kite shield       |       |       |   179 |   413 |   295 ||   887

Table legend: (Time is in decaauts)
 A = Elapsed time spent in this place.
 B = Non-inter-level travel time spent in this place.
 C = Inter-level travel time spent in this place.
 D = Time resting spent in this place.
 E = Time spent auto-exploring this place.
 F = Levels seen in this place.
 G = Mean time per level.
                   A        B        C        D        E       F      G
               +--------+--------+--------+--------+--------+-----+--------+
         Total |  19520 |  17739 |   1781 |   1927 |  11058 |  22 |  887.3 |
       Dungeon |  12307 |  10969 |   1338 |   1468 |   6584 |  12 | 1025.6 |
        Temple |    145 |    117 |     28 |      0 |     97 |   1 |  145.0 |
          Lair |   4740 |   4383 |    357 |    128 |   3169 |   5 |  948.0 |
  Orcish Mines |   1191 |   1134 |     57 |    106 |    622 |   2 |  595.5 |
         Sewer |    683 |    683 |      0 |    225 |    330 |   1 |  683.0 |
      Gauntlet |    452 |    452 |      0 |      0 |    254 |   1 |  452.0 |
               +--------+--------+--------+--------+--------+-----+--------+

Top non-repeatable levels by time:
    D:10: 1908 daAuts
     D:8: 1309 daAuts
     D:7: 1222 daAuts
     D:1: 1209 daAuts
    D:11: 1166 daAuts
  Lair:4: 1154 daAuts
     D:9: 1141 daAuts
     D:2: 1073 daAuts
  Lair:3: 983 daAuts
  Lair:2: 947 daAuts
     D:5: 899 daAuts
  Lair:1: 896 daAuts
   Orc:1: 814 daAuts
     D:4: 809 daAuts
  Lair:5: 758 daAuts
